 Dungeon Crawl Stone Soup version 0.32-a0-612-g1c984fe9d1 (webtiles) character file.

Game seed: 12711618697736157919

100 hikkokomori the Vexing (level 4, -2/33 HPs)
             Began as a Coglin Hexslinger on Mar 5, 2024.
             Slain by a sky beast (4 damage)
             ... on level 4 of the Dungeon.
             The game lasted 00:06:14 (1885 turns).

hikkokomori the Vexing (Coglin Hexslinger)          Turns: 1885, Time: 00:06:14

Health: -2/33      AC:  4    Str:  8    XL:     4   Next: 74%
Magic:  6/6        EV: 12    Int: 12    God:
Gold:   177        SH:  0    Dex: 19    Spells: 6/6 levels left

rFire   . . .        a - +1 sling {Keminub}
rCold   . . .        (no shield)
rNeg    . . .        c - +0 robe
rPois   .            (no helmet)
rElec   .            q - +0 cloak
rCorr   .            i - +0 pair of gloves
SInv    .            (no boots)
Will    .....        (amulet unavailable)
Stlth   ++           (ring unavailable)
HPRegen 0.25/turn    (ring unavailable)
MPRegen 0.10/turn    (no gizmo)

%: no passive effects
@: mighty
A: off-hand wielding, slow wielding, warmup strikes, no jewellery
a: Invent Gizmo


You were on level 4 of the Dungeon.
You visited 1 branch of the dungeon, and saw 4 of its levels.

You collected 177 gold pieces.

Inventory:

Hand Weapons
 a - a +1 sling (weapon) {Keminub}
 d - a -2 sling {Chinhae}
 h - a +2 dagger of venom
 r - the +3 hand axe of Capital Punishment {speed, Will+ Str+6 SInv Stlth-}
   (You found it on level 3 of the Dungeon)

   Str+6:     It affects your strength (+6).
   Will+:     It increases your willpower.
   SInv:      It lets you see invisible.
   Stlth-:    It makes you less stealthy.
Armour
 c - a +0 robe (worn)
 i - a +0 pair of gloves (worn)
 q - a +0 cloak (worn)
Wands
 s - a wand of warping (7)
Scrolls
 b - a scroll of poison
 l - 3 scrolls of teleportation {unknown}
 t - a scroll of vulnerability {unknown}
Potions
 e - 4 potions of brilliance {unknown}
 f - 4 potions of might
 g - 3 potions of lignification {unknown}
 j - a potion of enlightenment {unknown}
 k - a potion of ambrosia {unknown}
 m - a potion of degeneration {unknown}
 n - 3 potions of resistance {unknown}
 o - 3 potions of curing {unknown}
 p - a potion of invisibility {unknown}


   Skills:
 + Level 2.0 Fighting
 + Level 2.4 Ranged Weapons
 - Level 1.7 Dodging
 - Level 1.0 Stealth
 + Level 1.7 Spellcasting
 - Level 3.0 Hexes
 + Level 1.8 Fire Magic


You had 6 spell levels left.
You didn't know any spells.
Your spell library contained the following spells:

 Spells                   Type           Power      Damage    Failure   Level
 Jinxbite                 Hex            16%        N/A       12%         2
 Sigil of Binding         Hex            8%         N/A       24%         3
 Inner Flame              Hex/Fire       6%         N/A       30%         3
 Call Imp                 Summ           2%         N/A       38%         2
 Sublimation of Blood     Necr           1%         N/A       38%         2
 Cause Fear               Hex            4%         N/A       63%         4
 Dimensional Bullseye     Hex/Tloc       2%         N/A       83%         4
 Summon Hydra             Summ           0%         N/A       100%        7


Dungeon Overview and Level Annotations

Branches:
Dungeon (4/15)
 Temple: D:4-7

Altars:
Dithmenos
Hepliaklqana
Ru


Innate Abilities, Weirdness & Mutations

You can wield a second weapon in your off-hand.
It takes a long time for you to wield or remove held weapons.
Your first few attacks do less damage.
You cannot equip rings or amulets.


Message History

No target in view!
No target in view!
No target in view!
No target in view!
No target in view!
No target in view!
No target in view!
No target in view!
No target in view!
No target in view!
No target in view!
No target in view!
No target in view!
No target in view!
No target in view!
No target in view!
No target in view!
You're wielding all the weapons you can.
Replace which one? (? for menu, Esc to cancel) < or
a - a +1 sling {Keminub}; > or
d - a -2 sling {Chinhae} You start parting from your weapon.
You continue parting from your -2 sling {Chinhae}. x3
Something hits you but does no damage.
You continue parting from your -2 sling {Chinhae}.
Something hits you. Something shocks you.
You whisper farewell to Chinhae.
You finish parting from your -2 sling {Chinhae}.
Unknown command.
You shoot a sling bullet. Something hits you but does no damage.
You shoot a sling bullet. Something hits you. Something shocks you.
Something hits you. Something shocks you.
* * * LOW HITPOINT WARNING * * *
You shoot a sling bullet. Something hits you.
* * * LOW HITPOINT WARNING * * *
Something shocks you.
* * * LOW HITPOINT WARNING * * *
It was a potion of might.
You feel very mighty all of a sudden. Something hits you.
You die...

.... .. .... ..
...## .# .... .#
##.###.###..
#.........<##
###.#..{.#.....
#<#.#..@...#
##.#.#..#...#
#......%#...#
#..#.##.#.....
####............
#.........#.......
#..########...#...
# ...#.## ...


There were no monsters in sight!

Vanquished Creatures
  A bombardier beetle (D:3)
  A ribbon worm (D:2)
  3 dart slugs
  3 orcs (D:3)
  3 ball pythons
  4 bats
  4 endoplasms
  2 giant cockroaches
  4 goblins
  3 hobgoblins
  4 kobolds
  5 quokkas
  13 frilled lizards
  3 rats
53 creatures vanquished.

Notes
Turn   | Place    | Note
-------+----------+-------------------------------------------
     0 | D:1      | hikkokomori the Coglin Hexslinger began the quest for the
                  | Orb.
     0 | D:1      | Reached XP level 1. HP: 15/15 MP: 2/2
    12 | D:1      | Reached skill level 1 in Fire Magic
    66 | D:1      | Reached XP level 2. HP: 21/21 MP: 3/3
   291 | D:1      | Reached XP level 3. HP: 21/26 MP: 4/4
   732 | D:2      | Found a sacrificial altar of Ru.
   907 | D:2      | Reached skill level 1 in Stealth
  1164 | D:3      | Reached skill level 3 in Hexes
  1211 | D:3      | Reached XP level 4. HP: 28/33 MP: 6/6
  1369 | D:3      | Identified the +3 hand axe of Capital Punishment {speed,
                  | Will+ Str+6 SInv Stlth-}
  1623 | D:3      | Found a sacrificial altar of Ru.
  1688 | D:3      | Found a hazy altar of Hepliaklqana.
  1700 | D:3      | Found a shadowy altar of Dithmenos.
  1700 | D:3      | Noticed a shadow
  1874 | D:4      | Noticed a sky beast
  1885 | D:4      | Slain by a sky beast

Illustrated notes

Levels and vault maps discovered:
D:1:      minmay_arrival_four_circles, layout_loops_ring,
          minmay_gold_behind_fungi, minmay_lizard_king
D:2:      layout_basic, basic_altar, serial_bayou_ford_a
D:3:      layout_rooms, riverfiend_overflow_shadow_ancestor,
          general_overflow_altar, serial_forest, infiniplex_forest_end_2,
          infiniplex_forest_zigzag_2, infiniplex_forest_lined_room_2,
          infiniplex_forest_clump_curved, infiniplex_forest_3_way,
          infiniplex_forest_lined_3, infiniplex_forest_3_way,
          infiniplex_forest_lined_room_3, infiniplex_forest_clump_C,
          minmay_fountain_box
D:4:      layout_basic, minmay_shop_damaged, uniq_duvessa, uniq_sigmund

Skill      XL: |  1  2  3  4 |
---------------+-------------+-----
Fire Magic     | 1 |  1.8
Ranged Weapons | 2 |  2.4
Stealth        | 1 |  1.0
Hexes          | 3 |  3.0
Fighting       | 2 |  2.0
Dodging        | |  1.7
Spellcasting   | |  1.7

Action                     |  1- 3 |  4- 6 || total
---------------------------+-------+-------++-------
   Fire: Sling             |   210 |    45 ||   255
    Use: Potion            |       |     1 ||     1
 Armour: Robe              |    17 |     7 ||    24
  Dodge: Dodged            |    33 |     1 ||    34

Table legend: (Time is in decaauts)
 A = Elapsed time spent in this place.
 B = Non-inter-level travel time spent in this place.
 C = Inter-level travel time spent in this place.
 D = Time resting spent in this place.
 E = Time spent auto-exploring this place.
 F = Levels seen in this place.
 G = Mean time per level.
                   A        B        C        D        E       F      G
               +--------+--------+--------+--------+--------+-----+--------+
         Total |   1928 |   1866 |     62 |      0 |   1492 |   4 |  482.0 |
       Dungeon |   1928 |   1866 |     62 |      0 |   1492 |   4 |  482.0 |
               +--------+--------+--------+--------+--------+-----+--------+

Top non-repeatable levels by time:
     D:1: 725 daAuts
     D:3: 719 daAuts
     D:2: 461 daAuts
     D:4: 22 daAuts
